 Dungeon Crawl Stone Soup version 0.29-a0-106-g0a07039d5a (webtiles) character file.

Game seed: 15250108841670484155

1594 hoogis the Chopper (level 8, 0/75 HPs)
             Began as a Troll Hedge Wizard on Jan 31, 2022.
             Was a Follower of Sif Muna.
             Slain by a gnoll (4 damage)
             ... on level 7 of the Dungeon on Feb 16, 2022.
             The game lasted 01:26:47 (7262 turns).

hoogis the Chopper (Troll Hedge Wizard)             Turns: 7262, Time: 01:26:48

Health: 0/75       AC:  4    Str: 27    XL:     8   Next: 62%
Magic:  10/10      EV: 10    Int: 10    God:    Sif Muna [*.....]
Gold:   340        SH:  0    Dex:  9    Spells: 7/12 levels left

rFire   . . .      SeeInvis .   E - +1 war axe (elec)
rCold   + . .      Faith    .   (no shield)
rNeg    . . .      Spirit   .   w - +0 robe {Will+}
rPois   .          Reflect  .   c - +0 hat
rElec   .          Harm     .   (no cloak)
rCorr   .          Rampage  .   (gloves unavailable)
Will    ++...                   (boots unavailable)
Stlth   ++........              i - amulet of magic regeneration
HPRegen 1.02/turn               p - ring of willpower
MPRegen 0.52/turn               z - +6 ring of strength

@: very slightly contaminated
A: large, unfitting armour, claws 3, regeneration 1, shaggy fur 1, tough skin 1,
cold resistance 1, low MP 1, MP-powered wands
a: Renounce Religion, Channel Magic


You were on level 7 of the Dungeon.
You worshipped Sif Muna.
Sif Muna was aware of your devotion.
You visited 2 branches of the dungeon, and saw 8 of its levels.

You collected 340 gold pieces.

Inventory:

Hand Weapons
 j - a +0 falchion
 l - a +0 short sword
 n - a +0 spear
 o - a +0 hand axe
 q - a +0 dagger
 s - a +0 quarterstaff
 E - a +1 war axe of electrocution (weapon)
Missiles
 h - 144 stones
 H - 6 silver boomerangs
Armour
 a - a +0 ring mail
 b - a +0 robe
 c - a +0 hat (worn)
 d - a +0 scale mail
 g - a +0 chain mail
 k - a +0 leather armour
 r - a +0 cloak
 w - a +0 robe of willpower (worn)
 x - a +2 pair of gloves
 y - the +1 robe of Leruises {rF+}
   (You found it on level 5 of the Dungeon)

   rF:        It protects you from fire.
 F - the +2 ring mail of the Equator {Str+7}
   (You found it on level 6 of the Dungeon)

   Str:       It affects your strength (+7).
Magical Staves
 L - a staff of poison
Jewellery
 i - an amulet of magic regeneration (around neck)
 p - a ring of willpower (left claw)
 z - a +6 ring of strength (right claw)
 J - a ring of protection from cold
 K - a ring of poison resistance
Scrolls
 e - a scroll of enchant armour
 t - a scroll of amnesia
 D - a scroll of identify
 G - a scroll of blinking
 M - a scroll of noise {unknown}
Potions
 m - 2 potions of flight
 u - a potion of cancellation {unknown}
 v - a potion of attraction {unknown}
 A - 2 potions of haste {unknown}
 B - a potion of ambrosia {unknown}
 I - a potion of degeneration {unknown}


   Skills:
 + Level 3.0 Fighting
 + Level 0.8 Short Blades
 + Level 5.5 Axes
 + Level 3.9 Dodging
 + Level 2.0 Stealth
 + Level 2.9 Spellcasting
 + Level 2.1 Conjurations
 + Level 1.2 Summonings
 + Level 0.9 Translocations
 + Level 0.2 Invocations
 + Level 0.5 Evocations


You had 7 spell levels left.
You knew the following spells:

 Your Spells              Type           Power      Damage    Failure   Level
a - Magic Dart            Conj           20%        1d4       12%         1
b - Call Imp              Summ           4%         N/A       26%         2
c - Blink                 Tloc           6%         N/A       30%         2

Your spell library contained the following spells:

 Spells                   Type           Power      Damage    Failure   Level
 Sandblast                Erth           2%         2d4       28%         1
 Slow                     Hex            4%         N/A       28%         1
 Passwall                 Tmut/Erth      0%         N/A       41%         2
 Conjure Flame            Conj/Fire      3%         6-21      50%         3
 Stone Arrow              Conj/Erth      6%         3d7       50%         3
 Mephitic Cloud           Conj/Pois/Air  2%         N/A       54%         3
 Confusing Touch          Hex            1%         N/A       65%         3
 Vampiric Draining        Necr           1%         2d6       65%         3


Dungeon Overview and Level Annotations

Branches:
Dungeon (7/15)             Temple (1/1) D:4

Altars:
Ashenzari
Cheibriados
Elyvilon
Fedhas
Gozag
Kikubaaqudgha
Makhleb
Nemelex Xobeh
Okawaru
Qazlal
Sif Muna
Trog
Uskayaw
Vehumet
Wu Jian
Xom
Yredelemnul
Zin
The Shining One

Shops:
D:4 :


Innate Abilities, Weirdness & Mutations

You are too large for most types of armour.
You have claws for hands.
Your natural rate of healing is unusually fast.
You are covered in fur. (AC +1)
You have tough skin. (AC +1)
Your flesh is cold resistant. (rC+)
Your magical capacity is low. (-10% MP)
You expend magic power (3 MP) to strengthen your wands.


Message History

The gnoll hits you from afar with a +0 spear.
You feel better. The gnoll barely misses you.
The gnoll hits you from afar with a +0 spear!
Casting: Blink (dangerous; 30% risk of failure)
Confirm with . or Enter, or press ? or * to list all spells.
You miscast Blink.
You are very lightly contaminated with residual magic.
Nothing appears to happen.
The gnoll hits you with a +0 flail!
* * * LOW HITPOINT WARNING * * *
The gnoll hits you from afar with a +0 spear.
* * * LOW HITPOINT WARNING * * *
Casting: Blink (dangerous; 30% risk of failure)
Confirm with . or Enter, or press ? or * to list all spells.
You miscast Blink.
Nothing appears to happen.
The gnoll hits you with a +0 flail.
* * * LOW HITPOINT WARNING * * *
The gnoll hits you from afar with a +0 spear.
* * * LOW HITPOINT WARNING * * *
Casting: Blink (dangerous; 30% risk of failure)
Confirm with . or Enter, or press ? or * to list all spells.
You miscast Blink.
Nothing appears to happen.
The gnoll hits you with a +0 flail.
* * * LOW HITPOINT WARNING * * *
The gnoll closely misses you.
Casting: Blink (dangerous; 30% risk of failure)
Confirm with . or Enter, or press ? or * to list all spells.
You blink.
The gnoll hits you with a +0 flail!
* * * LOW HITPOINT WARNING * * *
The gnoll hits you but does no damage.
The gnoll hits you from afar with a +0 spear.
* * * LOW HITPOINT WARNING * * *
The gnoll hits you from afar with a +0 spear.
* * * LOW HITPOINT WARNING * * *
You feel stable enough to blink again. The gnoll barely misses you.
The gnoll hits you from afar with a +0 spear.
* * * LOW HITPOINT WARNING * * *
The gnoll hits you from afar with a +0 spear.
You die...

#### ...# ###########
####.#####..g......# ###
........#g........#
<....##.#.##..#@........#
......)[#.##..#.........#
...).###.)..............#
?##.......##..#).)..>...#
#.#####.....#.).).....#
###.#.#.........#
#.#.#.........###
#.#.#.....###...).#
#.#.#.####.#.####.#


You could see 2 gnolls.

Vanquished Creatures
  3 ice beasts (D:6)
  A necrophage (D:6)
  3 ogres
  A phantom (D:6)
  A bullfrog (D:7)
  A scorpion (D:6)
  A water moccasin zombie (D:5)
  A water moccasin skeleton (D:4)
  A jelly (D:6)
  A centaur skeleton (D:5)
  A centaur zombie (D:6)
  2 bullfrog skeletons
  2 gnoll shamans (D:7)
  An orc wizard (D:7)
  5 iguanas
  Natasha (thrice) (D:4)
  A killer bee zombie (D:6)
  A hound zombie (D:5)
  A hound skeleton (D:5)
  6 adders
  3 gnolls (D:7)
  A white imp (D:7)
  4 worms (D:2)
  3 dart slugs
  15 orcs
  3 bats
  5 endoplasms
  4 giant cockroaches
  5 hobgoblins
  6 jackals
  A quokka (D:1)
  8 ball pythons
  4 frilled lizards
  4 goblins
  3 kobolds
  3 rats
109 creatures vanquished.

Vanquished Creatures (collateral kills)
  An adder skeleton (D:4)
  A dart slug (D:5)
2 creatures vanquished.

Vanquished Creatures (others)
  16 plants
16 creatures vanquished.

Grand Total: 127 creatures vanquished

Notes
Turn   | Place    | Note
-------+----------+-------------------------------------------
     0 | D:1      | hoogis the Troll Hedge Wizard began the quest for the Orb.
     0 | D:1      | Reached XP level 1. HP: 16/16 MP: 2/2
   361 | D:1      | Upgraded the game from 0.29-a0-25-g7f48f510a0 to
                  | 0.29-a0-103-g37f86683bf
   837 | D:1      | Reached XP level 2. HP: 24/24 MP: 2/4
   914 | D:1      | Gained mutation: You are resistant to electric shocks.
                  | (rElec) [potion of mutation]
   914 | D:1      | Gained mutation: You are partially covered in iridescent
                  | scales. (AC +2) [potion of mutation]
  1419 | D:2      | Found a faded altar of an unknown god.
  1462 | D:2      | Prayed at the altar of an unknown god.
  1462 | D:2      | Became a worshipper of the Shining One
  1462 | D:2      | Reached * piety under the Shining One
  1510 | D:2      | Reached XP level 3. HP: 31/31 MP: 3/5
  2025 | D:2      | Reached skill level 1 in Fighting
  2151 | D:3      | Reached XP level 4. HP: 28/41 MP: 6/6
  2159 | D:3      | Lost mutation: You are partially covered in iridescent
                  | scales. (AC +2) [potion of mutation]
  2159 | D:3      | Lost mutation: You are resistant to electric shocks.
                  | (rElec) [potion of mutation]
  2159 | D:3      | Gained mutation: Your flesh is cold resistant. (rC+)
                  | [potion of mutation]
  2159 | D:3      | Gained mutation: Your magical capacity is low. (-10% MP)
                  | [potion of mutation]
  2159 | D:3      | Gained mutation: You expend magic power (3 MP) to
                  | strengthen your wands. [potion of mutation]
  2342 | D:3      | Reached skill level 1 in Conjurations
  2590 | D:3      | Reached skill level 1 in Axes
  2881 | D:4      | Upgraded the game from 0.29-a0-103-g37f86683bf to
                  | 0.29-a0-106-g0a07039d5a
  2949 | D:4      | Reached XP level 5. HP: 43/48 MP: 6/6
  2990 | D:4      | Found Xaocs's Book Emporium.
  3129 | D:4      | Noticed Natasha
  3136 | D:4      | Killed Natasha
  3137 | D:4      | Reached skill level 2 in Axes
  3491 | D:4      | Found a staircase to the Ecumenical Temple.
  3497 | Temple   | Entered the Ecumenical Temple
  3618 | Temple   | Fell from the grace of the Shining One
  3618 | Temple   | Became a worshipper of Ashenzari the Shackled
  3725 | Temple   | Fell from the grace of Ashenzari
  3725 | Temple   | Became a worshipper of Sif Muna the Loreminder
  3843 | D:4      | Noticed Natasha
  3860 | D:4      | Killed Natasha
  3936 | D:4      | Learned a level 2 spell: Call Imp
  4067 | D:4      | Noticed Natasha
  4093 | D:4      | Killed Natasha
  4263 | D:5      | Entered Level 5 of the Dungeon
  4302 | D:5      | Reached XP level 6. HP: 57/57 MP: 3/7
  4320 | D:5      | Learned a level 2 spell: Blink
  4791 | D:5      | Reached skill level 1 in Summonings
  4811 | D:5      | Identified the +1 robe of Leruises {rF+}
  4942 | D:5      | Was forgiven by Ashenzari
  4942 | D:5      | Reached skill level 3 in Axes
  5513 | D:5      | Reached XP level 7. HP: 54/63 MP: 8/8
  5686 | D:6      | Identified the +2 ring mail of the Equator {Str+7}
  5793 | D:6      | Reached skill level 4 in Axes
  5968 | D:6      | Reached XP level 8. HP: 7/74 MP: 9/9
  6080 | D:6      | Reached skill level 5 in Axes
  6253 | D:6      | Reached * piety under Sif Muna
  7255 | D:7      | HP: 2/75 [gnoll (3)]
  7261 | D:7      | HP: 3/75 [gnoll (5)]
  7262 | D:7      | Slain by a gnoll

Illustrated notes

Levels and vault maps discovered:
D:1:      dpeg_arrival_short_road, layout_basic, serial_glass, glass_columns_a,
          glass_columns_b, minmay_cupped
D:2:      layout_basic, dilly_ecumenical_altar_fadedgnrine, minmay_distorted
D:3:      layout_loops_ring, kennysheep_crisscross
D:4:      layout_basic, minmay_temple_entry_enclosed_plants, serial_shops,
          nicolae_shop_hallway_stairs, uniq_natasha
D:5:      nicolae_cairo_tiling_large, layout_gridville
D:6:      layout_gridville
D:7:      layout_loops_ring, mainiacjoe_overflow_alcove_2, minmay_bent
Temple:   mainiacjoe_temple_bowtie_tessellation

Skill      XL: |  1  2  3  4  5  6  7  8 |
---------------+-------------------------+-----
Dodging        | 2 3 |  3.9
Fighting       | 1 2 3 |  3.0
Conjurations   | 1 2 |  2.1
Axes           | 1 2 3 4 5 |  5.5
Summonings     | 1 |  1.2
Stealth        | 2 |  2.0
Short Blades   | |  0.8
Spellcasting   | |  2.9
Translocations | |  0.9
Invocations    | |  0.2
Evocations     | |  0.5

Action                   |  1- 3 |  4- 6 |  7- 9 || total
-------------------------+-------+-------+-------++-------
Melee: Dagger            |    52 |       |       ||    52
       Hand axe          |    83 |   201 |       ||   284
       Short sword       |     9 |       |       ||     9
       Spear             |     8 |       |       ||     8
       Punch             |     3 |     5 |     1 ||     9
       War axe           |       |       |    80 ||    80
 Cast: Magic Dart        |    28 |    36 |    11 ||    75
       Call Imp          |       |     4 |     5 ||     9
       Blink             |       |     1 |     4 ||     5
Invok: Divine Shield     |     3 |     1 |       ||     4
Evoke: Wand              |       |     2 |     6 ||     8
  Use: Scroll            |     4 |     7 |     1 ||    12
       Potion            |     3 |     3 |     6 ||    12
Armor: Robe              |    66 |    98 |    15 ||   179
Dodge: Dodged            |    87 |   138 |    54 ||   279
Block: Other             |     2 |     4 |       ||     6

Table legend: (Time is in decaauts)
 A = Elapsed time spent in this place.
 B = Non-inter-level travel time spent in this place.
 C = Inter-level travel time spent in this place.
 D = Time resting spent in this place.
 E = Time spent auto-exploring this place.
 F = Levels seen in this place.
 G = Mean time per level.
                   A        B        C        D        E       F      G
               +--------+--------+--------+--------+--------+-----+--------+
         Total |   7358 |   6475 |    883 |    272 |      0 |   8 |  919.8 |
       Dungeon |   7076 |   6306 |    770 |    272 |      0 |   7 | 1010.9 |
        Temple |    282 |    169 |    113 |      0 |      0 |   1 |  282.0 |
               +--------+--------+--------+--------+--------+-----+--------+

Top non-repeatable levels by time:
     D:6: 1435 daAuts
     D:5: 1420 daAuts
     D:1: 1127 daAuts
     D:4: 1090 daAuts
     D:2: 960 daAuts
     D:3: 863 daAuts
  Temple: 282 daAuts
     D:7: 179 daAuts
